 Dungeon Crawl Stone Soup version 0.29.1-12-g30fa7ad0bf (webtiles) character file.

Game seed: 12498448870221433201

147775 croobank the Spry (level 16, -5/81 HPs)
             Began as a Felid Summoner on Jan 2, 2023.
             Was an Initiate of Gozag.
             Slain by a spriggan rider
             ... wielding a +0 spear
             ... led by a spriggan druid
              (26 damage)
             ... on level 2 of the Swamp on Jan 3, 2023.
             The game lasted 06:28:22 (70105 turns).

croobank the Spry (Felid Summoner)                 Turns: 70105, Time: 06:28:23

Health: -5/81      AC:  3    Str:  4    XL:     16   Next: 62%
Magic:  16/34      EV: 31    Int: 29    God:    Gozag
Gold:   4499       SH:  5    Dex: 18    Spells: 0/41 levels left
                                        Lives:  0   Deaths: 3

rFire   + . .      SeeInvis +   (weapon unavailable)
rCold   + + .      Faith    .   (shield unavailable)
rNeg    . . .      Spirit   .   (body armour unavailable)
rPois   +          Reflect  +   (helmet unavailable)
rElec   .          Harm     .   (cloak unavailable)
rCorr   .          Rampage  .   (gloves unavailable)
Will    ++...                   (boots unavailable)
Stlth   ++........              B - amulet "Zeyton Tene" {Reflect rPois SH+5}
HPRegen 0.23/turn               V - +6 ring of intelligence
MPRegen 0.24/turn               h - ring of protection from cold

@: forested, gold aura, studying Ice Magic, very slow
A: very small, claws 1, fangs 3, see invisible, speed 1, shaggy fur 3, stealthy
paws, no weapons or thrown items, no armour, multi-lived, fire resistance 1
}: 1/15 runes: serpentine
a: Renounce Religion, Potion Petition, Call Merchant, Bribe Branch


You were on level 2 of the Swamp.
You worshipped Gozag.
Gozag was most pleased with you.
You visited 7 branches of the dungeon, and saw 31 of its levels.
You also visited: Bailey and Ice Cave.

You collected 12281 gold pieces.
You spent 2040 gold pieces at shops.
You paid 5742 gold pieces to Gozag.

Inventory:

Jewellery
 c - a ring of willpower
 h - a ring of protection from cold (right paw)
 n - a ring of flight
 o - the ring "Ytykhu" {Fire Contam rPois rCorr Str+3}
   (You acquired it on level 9 of the Dungeon)

   [ring of fire]

   It enhances your fire magic.
   Str:       It affects your strength (+3).
   rF:        It protects you from fire.
   rC:        It makes you vulnerable to cold.
   rPois:     It protects you from poison.
   Contam:    It causes magical contamination when unequipped.
   rCorr:     It protects you from acid and corrosion.
 q - a +4 ring of protection
 u - a ring of magical power
 B - the amulet "Zeyton Tene" (around neck) {Reflect rPois SH+5}
   (You acquired it on level 9 of the Dungeon)

   [amulet of reflection]

   It reflects blocked missile attacks.
   rPois:     It protects you from poison.
   SH:        It affects your SH (+5).
 D - a ring of protection from fire
 F - an amulet of regeneration
 G - a ring of positive energy
 K - a ring of positive energy
 M - a ring of protection from fire
 O - a +4 ring of evasion
 Q - a ring of willpower
 U - a +4 ring of protection
 V - a +6 ring of intelligence (left paw)
 W - a +4 ring of protection
 X - the ring "Efucwir" {Fire Fly Will- rCorr}
   (You took it off a deep elf zephyrmancer on level 2 of the Elven Halls)

   [ring of fire]

   It enhances your fire magic.
   rF:        It protects you from fire.
   rC:        It makes you vulnerable to cold.
   Fly:       It grants you flight.
   rCorr:     It protects you from acid and corrosion.
   Will:      It decreases your willpower.
 Y - an amulet of reflection
Wands
 f - a wand of iceblast (1)
 p - a wand of flame (40)
 s - a wand of polymorph (4)
 w - a wand of charming (2)
 A - a wand of light (3)
 P - a wand of digging (3)
Scrolls
 g - 2 scrolls of magic mapping
 k - 9 scrolls of immolation
 l - 7 scrolls of vulnerability
 m - 2 scrolls of amnesia
 r - 10 scrolls of teleportation
 t - a scroll of silence
 y - 3 scrolls of fear
 I - 4 scrolls of poison
 L - 15 scrolls of identify
Potions
 a - 2 potions of haste
 b - 9 potions of curing
 d - 4 potions of attraction
 e - 9 potions of lignification
 i - 2 potions of heal wounds
 v - 7 potions of mutation
 x - 4 potions of flight
 z - 3 potions of brilliance
 C - 5 potions of might
 E - 3 potions of berserk rage
 J - 3 potions of ambrosia
 N - 2 potions of invisibility
 S - a potion of magic
Miscellaneous
 j - a phantom mirror
 H - a box of beasts
 R - a tin of tremorstones (2/2)
 T - a lightning rod (4/4)


   Skills:
 - Level 15.0 Fighting
 - Level 18.1 Dodging
 - Level 4.2 Stealth
 - Level 13.1 Spellcasting
 - Level 8.0 Hexes
 - Level 13.1 Summonings
 - Level 10.0 Translocations
 + Level 13.5 Transmutations
 - Level 11.3 Ice Magic
 + Level 11.6 Air Magic


You couldn't memorise any spells.
You knew the following spells:

 Your Spells              Type           Power      Damage    Failure   Level
a - Summon Small Mammal   Summ           100%       N/A       0%          1
b - Yara's Violent Unrav  Hex/Tmut       34%        3d14      1%          5
c - Call Canine Familiar  Summ           76%        N/A       1%          3
d - Summon Guardian Gole  Hex/Summ       69%        N/A       1%          3
e - Summon Lightning Spi  Summ/Air       74%        N/A       1%          4
f - Summon Mana Viper     Hex/Summ       69%        N/A       1%          5
g - Wereblood             Tmut           78%        N/A       0%          2
h - Summon Forest         Summ/Tloc      36%        N/A       1%          5
i - Summon Cactus Giant   Summ           38%        N/A       1%          6
j - Storm Form            Tmut/Air       37%        N/A       13%         7

Your spell library contained the following spells:

 Spells                   Type           Power      Damage    Failure   Level
 Beastly Appendage        Tmut           100%       N/A       0%          1
 Slow                     Hex            100%       N/A       1%          1
 Sting                    Tmut/Pois      100%       1d8       1%          1
 Call Imp                 Summ           76%        N/A       1%          2
 Static Discharge         Conj/Air       52%        3-10/arc  1%          2
 Confusing Touch          Hex            60%        N/A       1%          3
 Dazzling Flash           Conj/Hex       84%        N/A       1%          3
 Spider Form              Tmut/Pois      55%        N/A       1%          3
 Tukima's Dance           Hex            60%        N/A       1%          3
 Cause Fear               Hex            30%        N/A       1%          4
 Magic Dart               Conj           76%        1d6       2%          1
 Freezing Cloud           Conj/Ice/Air   29%        6-21      3%          5
 Scorch                   Fire           38%        2d6       4%          2
 Searing Ray              Conj           38%        2d5       4%          2
 Sublimation of Blood     Necr           19%        N/A       4%          2
 Alistair's Intoxication  Tmut/Pois      36%        N/A       4%          5
 Anguish                  Hex/Necr       21%        N/A       5%          4
 Fulminant Prism          Conj/Hex       21%        3d13      5%          4
 Lightning Bolt           Conj/Air       26%        1d42      7%          5
 Dispersal                Tloc           33%        N/A       7%          6
 Vampiric Draining        Necr           19%        2d7       9%          3
 Summon Hydra             Summ           38%        N/A       11%         7
 Malign Gateway           Summ/Tloc      36%        N/A       21%         7
 Ozocubu's Refrigeration  Ice            35%        4d15      22%         7
 Flame Wave               Conj/Fire      19%        2d7       26%         4
 Olgreb's Toxic Radiance  Pois           19%        N/A       26%         4
 Conjure Ball Lightning   Conj/Air       26%        3x3d7     36%         6
 Summon Horrible Things   Summ           38%        N/A       63%         8
 Enfeeble                 Hex            30%        N/A       65%         7
 Haunt                    Necr/Summ      27%        N/A       83%         7
 Maxwell's Capacitive Co  Air            36%        ∞         83%         8
 Disjunction              Tloc           33%        N/A       96%         8
 Death Channel            Necr           9%         N/A       99%         6
 Starburst                Conj/Fire      9%         6d5       99%         6
 Discord                  Hex            30%        N/A       100%        8
 Ignition                 Fire           9%         3d5       100%        8


Dungeon Overview and Level Annotations

Branches:
Dungeon (15/15)            Temple (1/1) D:5            Lair (5/5) D:11
  Swamp (2/4) Lair:3        Snake (4/4) Lair:2        Slime (0/5) Lair:5
    Orc (2/2) D:11            Elf (2/3) Orc:2        Vaults (0/5) D:13
 Depths (0/4) D:15         Bailey (visited)           IceCv (visited)

Altars:
Ashenzari
Cheibriados
Dithmenos
Elyvilon
Fedhas
Gozag
Hepliaklqana
Kikubaaqudgha
Makhleb
Nemelex Xobeh
Okawaru
Qazlal
Ru
Sif Muna
Trog
Uskayaw
Vehumet
Wu Jian
Xom
Yredelemnul
Zin
The Shining One
Jiyva

Shops:
D:3 ?   D:5 =   D:6 (**   D:7 =   D:14 :   D:15 (   Orc:1 !   Orc:2 ?[*:[
Lair:3 !=   Snake:1 :=:

Portals:
Abyss: Swamp:2
Pandemonium: Orc:2

Annotations:
D:11 1 transporter
D:12 3 runed translucent doors, Uvvog's ghost, journeyman GnNe
Swamp:2 2 transporters, Foxy's ghost, adept GrFi
Elf:1 2 transporters, Iniosk's ghost, adept DjFE
Elf:2 6 runed translucent doors, mkat's ghost, journeyman HuAE


Innate Abilities, Weirdness & Mutations

You have sharp claws.
You have razor-sharp teeth.
You have supernaturally acute eyesight. (SInv)
You cover ground quickly. (Speed+)
Your thick and shaggy fur keeps you warm. (AC +3, rC+)
Your paws help you pounce on unaware monsters.
You are incapable of wielding weapons or throwing items.
You cannot wear armour.
You gain extra lives every three experience levels.
Your flesh is heat resistant. (rF+)


Message History

The spriggan druid completely misses you.
The seven-headed hydra is struck by your cactus giant's spines.
The seven-headed hydra bites your cactus giant. x2
The seven-headed hydra bites your cactus giant!
Your cactus giant is destroyed!
Your cactus giant disappears in a puff of smoke!
The spriggan druid barely misses you.
Casting: Summon Forest (dangerous; 1% risk of failure)
Press: ? - help, Q - select action, (/) - cycle Dir - look around, f - activate Splash!
You fall into the shallow water.
Moving in this stuff is going to be slow.
A forested plane collides here with a resounding crunch!
Your dryad calls out to the forest.
The forest starts to sway and rumble!
Your warg bites the seven-headed hydra!!
The spriggan rider hits you from afar with a +0 spear!!
The seven-headed hydra bites your warg. The seven-headed hydra bites your warg!
The seven-headed hydra bites your warg. The seven-headed hydra bites your warg!
The seven-headed hydra barely misses your warg.
The seven-headed hydra closely misses your warg.
The seven-headed hydra bites your warg!!
Your warg dies!
Your warg's corpse disappears in a puff of smoke!
The spriggan druid completely misses you.
The spriggan rider hits you from afar with a +0 spear!
Why would you want to do that?
The spriggan druid is hit by a branch!
A root smacks the spriggan rider from below!
A root smacks the seven-headed hydra from below!
The spriggan druid is waved at by a branch.
The spriggan rider is waved at by a branch.
The seven-headed hydra is hit by a branch!
The seven-headed hydra dies!
The spriggan rider hits you from afar with a +0 spear!!
* * * LOW HITPOINT WARNING * * *
The spriggan druid completely misses you.
The spriggan rider hits you from afar with a +0 spear!!
You die...
Your body crumbles into a pile of gold.

♣...♣ ♣..♣ ♣♣.~.♣
♣♣♣♣♣...~ ♣.♣.~~.♣
♣....[.$. ♣. ♣.~.♣
♣....... ♣.♣♣...♣
♣......
♣.♣♣.ii♣♣♣...####$.
♣.♣....i♣....#h$..h
♣..♣R@~♣....#
♣..._~≈~~.♣..#
♣♣$.$.≈≈~~........
♣.~.$♣≈~~~.....©...
♣♣.♣..~§~.....♣##..
♣$♣♣~~$♣....##W# .
♣♣°♣♣.♣.....♣♣ ∩
♣.<~♣♣..♣...# #
♣♣..♣ .♣§~.


You could see 2 spriggan riders, a spriggan druid and a friendly dryad
(summoned).

Vanquished Creatures
  Nikola (Swamp:1)
  3 nagarajas (Snake:4)
  An alligator (Swamp:2)
  2 centaur warriors
  A salamander mystic (Snake:4)
  2 deep elf knights (Elf:2)
  4 naga sharpshooters (Snake:4)
  2 deep elf archers
  4 deep elf pyromancers
  5 deep elf zephyrmancers (Elf:1)
  2 guardian serpents (Snake:4)
  A naga mage (Snake:4)
  A komodo dragon (Lair:1)
  A hornet (Swamp:1)
  A tyrant leech (Swamp:1)
  A blink frog (Lair:5)
  A culicivora (shapeshifter) (Elf:2)
  A spriggan (Swamp:1)
  2 water elementals (Elf:2)
  A swamp worm (Swamp:1)
  2 nagas (Snake:4)
  An orc warrior (Orc:2)
  A hornet zombie (D:7)
  3 centaurs
  A bullfrog (D:6)
  8 electric eels
  A centaur zombie (D:7)
  4 orc priests
  A polar bear simulacrum (IceCv)
  A dart slug (D:3)
  3 orcs
  An endoplasm (D:1)
  4 goblins
  3 hobgoblins
  A kobold (D:1)
  2 quokkas (D:1)
  4 ball pythons
  4 bats
  A frilled lizard (D:2)
  2 rats (D:2)
85 creatures vanquished.

Vanquished Creatures (collateral kills)
  Jorgrun (D:13)
  Frances (Swamp:1)
  The ghost of Yamstis the Nimble, an adept GnMo of Makhleb (D:15)
  12 nagarajas
  A fire giant (D:15)
  Aizul (Snake:3)
  Louise (Elf:1)
  2 bunyips
  3 eleionomae
  A deep elf death mage (Elf:2)
  Snorg (D:13)
  Josephine (D:11)
  An ogre mage (Orc:2)
  2 boulder beetles (D:13)
  A demonspawn (Orc:2)
  2 salamander tyrants (Snake:4)
  6 hydras
  Erica (D:8)
  2 catoblepae
  2 anacondas
  5 centaur warriors
  A two-headed ogre (D:10)
  A death knight (D:15)
  3 alligators
  10 death yaks
  10 naga warriors
  A deep troll shaman (Lair:5)
  2 tengu warriors (D:15)
  9 orc high priests
  6 dancing weapons
  11 naga sharpshooters (Snake:4)
  3 shock serpents
  Sonja (Lair:2)
  Amaemon (D:11)
  5 deep elf knights
  A fire crab (shapeshifter) (D:14)
  2 salamander mystics
  A goliath frog (Swamp:1)
  9 skeletal warriors
  2 sea snakes (Snake:1)
  A sixfirhy (Orc:2)
  3 swamp dragons
  7 bog bodies
  3 spriggan druids
  6 naga ritualists
  6 deep elf archers
  A lindwurm (Lair:5)
  A wizard (D:14)
  17 deep elf pyromancers
  10 deep elf zephyrmancers
  5 mana vipers
  9 orc knights
  8 orc sorcerers (Orc:2)
  12 salamanders
  7 cyclopes
  13 ugly things
  2 will-o-the-wisps (Swamp:1)
  3 manticores
  8 elephants
  A rust devil (Orc:2)
  29 black mambas
  4 guardian serpents
  5 naga magi
  2 orange demons
  A torpor snail (Lair:2)
  An ice statue (IceCv)
  2 rime drakes
  10 cane toads
  5 gargoyles
  2 kobold demonologists
  3 unseen horrors
  Psyche (D:11)
  An anaconda simulacrum (IceCv)
  12 komodo dragons
  3 freezing wraiths
  7 ice devils (IceCv)
  2 red devils (Elf:1)
  4 polar bears
  2 meliai (D:13)
  6 trolls
  3 tyrant leeches
  16 slime creatures
  31 blink frogs
  7 dream sheep (Lair:3)
  4 hornets (Swamp:1)
  An air elemental (Elf:1)
  A shadow (D:12)
  9 wraiths
  27 yaks
  4 spriggans (Swamp:1)
  6 wyverns
  2 water elementals
  A dire elephant simulacrum (IceCv)
  Eustachio (D:6)
  A death yak simulacrum (IceCv)
  6 basilisks
  A steam dragon (D:8)
  3 vampire mosquitoes
  2 swamp worms (Swamp:1)
  7 wargs
  31 nagas
  15 water moccasins
  A hydra simulacrum (IceCv)
  5 swamp drakes
  32 orc warriors
  2 black bears
  4 ogres
  8 wolves
  A tengu (shapeshifter) (D:14)
  13 centaurs
  2 kobold brigands (D:7)
  2 phantoms
  4 earth elementals
  11 bullfrogs
  2 gnoll sergeants
  A necrophage (D:5)
  3 cane toad simulacra (IceCv)
  A wyvern zombie (D:7)
  5 scorpions
  5 wights
  3 jellies
  6 killer bees (D:9)
  4 howler monkeys
  A crimson imp (D:7)
  A bullfrog zombie (D:7)
  4 hounds
  25 orc priests
  4 iguanas
  14 orc wizards
  2 polar bear simulacra (IceCv)
  A troll simulacrum (IceCv)
  A killer bee zombie (D:7)
  A boggart simulacrum (D:14)
  A howler monkey zombie (D:7)
  5 adders
  17 gnolls
  2 white imps
  7 nameless horrors
  2 worms
  4 dart slugs
  74 orcs
  9 bats
  8 endoplasms
  2 giant cockroaches
  14 hobgoblins
  2 jackals (D:4)
  20 kobolds
  3 quokkas
  3 ball pythons
  2 frilled lizards
  11 goblins
  2 rats (D:2)
888 creatures vanquished.

Vanquished Creatures (others)
  Vashnia (Snake:4)
  A deep elf sorcerer (Elf:1)
  A deep elf annihilator (Elf:1)
  A vault guard (D:13)
  4 hydras
  A centaur warrior (D:13)
  A dancing weapon (Elf:1)
  A death yak (Lair:5)
  2 two-headed ogres
  A naga warrior (Snake:4)
  3 deep elf knights
  4 deep elf archers
  7 deep elf zephyrmancers (Elf:1)
  A necromancer (IceCv)
  An orc knight (Bailey)
  11 deep elf pyromancers
  A manticore (D:14)
  3 nameless horrors
  A rime drake (Lair:4)
  A yaktaur (shapeshifter) (Elf:1)
  3 freezing wraiths (IceCv)
  6 ice devils (IceCv)
  An anaconda simulacrum (IceCv)
  A komodo dragon (Lair:3)
  2 red devils (Elf:1)
  2 trolls (D:13)
  A tyrant leech (Swamp:1)
  4 slime creatures
  2 blink frogs (Lair:3)
  A centaur simulacrum (D:13)
  2 water elementals (Elf:1)
  3 wyverns
  A fire elemental (Elf:1)
  A wraith (D:11)
  9 yaks
  A chaos spawn (Orc:2)
  2 death yak simulacra (IceCv)
  A warg (Orc:2)
  A harpy simulacrum (IceCv)
  An acid dragon (D:10)
  2 water moccasins (D:11)
  A hydra simulacrum (IceCv)
  An ogre (D:4)
  6 orc warriors
  2 centaurs (D:11)
  3 two-headed ogre simulacra (IceCv)
  4 cane toad simulacra (IceCv)
  4 wights (D:7)
  27 killer bees
  2 elephant simulacra (IceCv)
  An orc priest (Orc:2)
  A gnoll bouda (D:4)
  An iguana (D:4)
  An orc wizard (D:4)
  2 polar bear simulacra (IceCv)
  A troll simulacrum (IceCv)
  A killer bee zombie (D:7)
  3 wolf simulacra (IceCv)
  A gnoll (D:7)
  7 orcs
  A hobgoblin (Bailey)
  A jackal (D:4)
  4 bushes (D:11)
  15 foxfires (Swamp:1)
  38 fungi
  92 plants
  20 snaplasher vines
334 creatures vanquished.

Grand Total: 1307 creatures vanquished

Notes
Turn   | Place    | Note
-------+----------+-------------------------------------------
     0 | D:1      | croobank the Felid Summoner began the quest for the Orb.
     0 | D:1      | Reached XP level 1. HP: 7/7 MP: 4/4
   188 | D:1      | Reached skill level 3 in Dodging
   188 | D:1      | Reached XP level 2. HP: 11/11 MP: 3/6
   565 | D:1      | Found a faded altar of an unknown god.
   883 | D:2      | Learned a level 2 spell: Call Imp
   979 | D:2      | Reached XP level 3. HP: 14/14 MP: 4/7
  1189 | D:2      | Found a stormy altar of Qazlal.
  1270 | D:2      | Learned a level 3 spell: Call Canine Familiar
  1882 | D:3      | Found Tehetsid's Magic Scroll Emporium.
  1890 | D:3      | Bought 2 scrolls of identify for 40 gold pieces
  1908 | D:3      | Reached XP level 4. HP: 18/18 MP: 5/8
  2803 | D:3      | Reached skill level 1 in Fighting
  3016 | D:4      | Identified the +5 spear "Dolueh" {vamp, rPois Will+ Int+3}
  3199 | D:4      | Reached XP level 5. HP: 22/22 MP: 3/10
  3203 | D:4      | Learned a level 3 spell: Summon Guardian Golem
  3288 | D:4      | Reached skill level 4 in Dodging
  3403 | D:4      | Noticed an ogre
  3430 | D:4      | Killed an ogre
  3431 | D:4      | Reached skill level 1 in Hexes
  3431 | D:4      | Gained mutation: You are covered in thick fur. (AC +2)
                  | [Felid growth]
  3431 | D:4      | Reached XP level 6. HP: 26/27 MP: 3/11
  3978 | D:4      | Reached skill level 5 in Summonings
  4390 | D:4      | Found a shadowy altar of Dithmenos.
  4458 | D:4      | Reached skill level 5 in Dodging
  4458 | D:4      | Reached XP level 7. HP: 31/31 MP: 6/13
  4914 | D:5      | Entered Level 5 of the Dungeon
  4949 | D:5      | Learned a level 4 spell: Summon Lightning Spire
  5608 | D:5      | Found a staircase to the Ecumenical Temple.
  5695 | D:5      | Reached skill level 1 in Air Magic
  5940 | D:5      | Reached XP level 8. HP: 11/36 MP: 7/15
  6301 | D:5      | Found Soynef's Jewellery Emporium.
  6547 | D:6      | Found a shimmering blue altar of Sif Muna.
  6617 | D:6      | Reached skill level 5 in Fighting
  7016 | D:6      | Found Cuvicloschi's Assorted Antiques.
  7024 | D:6      | Bought a ruby potion for 18 gold pieces
  7024 | D:6      | Bought a scroll labelled YNKYRGH ZOETIN for 20 gold pieces
  7047 | D:6      | Reached skill level 6 in Dodging
  7461 | D:6      | Reached skill level 5 in Hexes
  8207 | D:6      | Found Gavecask's Assorted Antiques.
  8217 | D:6      | Bought a scroll of identify for 44 gold pieces
  8217 | D:6      | Bought a scroll of identify for 44 gold pieces
  8217 | D:6      | Bought a scroll of identify for 44 gold pieces
  8219 | D:6      | Identified 3 scrolls of acquirement
  8320 | Temple   | Entered the Ecumenical Temple
  8435 | D:7      | Found a burning altar of Makhleb.
  8794 | D:7      | Found a basalt altar of Yredelemnul.
  8834 | D:7      | Reached XP level 9. HP: 13/41 MP: 8/17
  9385 | D:7      | Found Kaichioz's Jewellery Shop.
  9668 | D:7      | Reached skill level 7 in Dodging
  9668 | D:7      | Reached skill level 5 in Spellcasting
  9958 | D:6      | Noticed Eustachio
  9967 | D:6      | Killed Eustachio
 10087 | D:6      | Found Ottim's Weapon Boutique.
 10512 | Temple   | Became a worshipper of Gozag Ym Sagoz the Greedy
 11713 | D:8      | Reached skill level 8 in Dodging
 11759 | D:8      | Reached XP level 10. HP: 48/48 MP: 10/19
 12024 | D:8      | Noticed Erica
 12053 | D:8      | Killed Erica
 12949 | D:8      | Identified the +8 trident of Spores {speed, Stlth+}
 14151 | D:9      | Acquired a book of the Wilderness
 14153 | D:9      | Acquired the amulet "Zeyton Tene" {Reflect rPois SH+5}
 14160 | D:9      | Acquired the ring "Ytykhu" {Fire Contam rPois rCorr Str+3}
 14418 | D:9      | Shot with an arrow by a centaur
 14419 | D:9      | Reached XP level 9. HP: -1/45 MP: 11/19
 14433 | D:9      | Found a flagged portal.
 14438 | Bailey   | Entered a bailey
 14445 | Bailey   | Learned a level 5 spell: Summon Mana Viper
 14448 | Bailey   | Learned a level 2 spell: Wereblood
 14766 | Bailey   | Noticed an orc knight
 14773 | Bailey   | Killed an orc knight
 14774 | Bailey   | Reached skill level 1 in Transmutations
 14774 | Bailey   | Reached XP level 10. HP: 8/49 MP: 2/21
 15076 | Bailey   | Noticed an orc high priest
 15248 | Bailey   | Noticed an orc knight
 15267 | Bailey   | Found an iron altar of Okawaru.
 15297 | Bailey   | Reached skill level 9 in Dodging
 15348 | Bailey   | Killed an orc high priest
 15359 | Bailey   | Killed an orc knight
 15360 | Bailey   | Reached skill level 5 in Air Magic
 15992 | D:9      | Got the Octavo of the Beggar
 16063 | D:9      | Identified the +2 ring mail of Pride {Contam rPois rF+}
 16807 | D:10     | Entered Level 10 of the Dungeon
 16807 | D:10     | Noticed a two-headed ogre
 16820 | D:10     | Killed a two-headed ogre
 16821 | D:10     | Noticed a two-headed ogre
 16833 | D:10     | Killed a two-headed ogre
 16855 | D:10     | Reached XP level 11. HP: 31/53 MP: 2/23
 17473 | D:10     | Acquired the Anthology of Jinxing
 17834 | D:11     | Learned a level 5 spell: Yara's Violent Unravelling
 17843 | D:11     | Noticed a two-headed ogre
 17854 | D:11     | Killed a two-headed ogre
 18408 | D:11     | Found a transporter.
 18485 | D:11     | Noticed Psyche
 18497 | D:11     | Killed Psyche
 18618 | D:11     | Noticed Josephine
 18742 | D:10     | Reached skill level 10 in Dodging
 19139 | D:11     | Killed Josephine
 19152 | D:11     | Reached skill level 5 in Transmutations
 19479 | D:11     | Found a staircase to the Orcish Mines.
 19493 | D:11     | Reached skill level 10 in Fighting
 19534 | D:11     | Found a staircase to the Lair.
 19600 | D:11     | Noticed Amaemon
 19621 | D:11     | Killed Amaemon
 19916 | D:11     | Gained mutation: Your thick and shaggy fur keeps you warm.
                  | (AC +3, rC+) [Felid growth]
 19916 | D:11     | Reached XP level 12. HP: 58/58 MP: 8/25
 20328 | D:12     | Noticed a tengu reaver
 20733 | D:12     | Noticed Uvvog's ghost (journeyman GnNe)
 20735 | D:12     | Found a runed translucent gate.
 20735 | D:12     | Noticed a centaur warrior
 20739 | D:12     | Found a runed translucent gate.
 20740 | D:12     | Found a runed translucent gate.
 21580 | Lair:1   | Entered Level 1 of the Lair of Beasts
 21651 | Lair:1   | Found a white marble altar of Elyvilon.
 22299 | Lair:1   | Reached skill level 10 in Summonings
 22758 | Lair:1   | Reached skill level 11 in Dodging
 23281 | Lair:2   | Found a staircase to the Snake Pit.
 23488 | Lair:2   | Noticed Sonja
 23503 | Lair:2   | Killed Sonja
 24658 | Lair:3   | Found a frozen archway.
 24662 | Lair:3   | Gained mutation: You have hidden genetic defects.
                  | [mutagenic glow]
 24727 | IceCv    | Entered an ice cave
 25343 | IceCv    | Reached XP level 13. HP: 62/62 MP: 19/27
 25831 | IceCv    | Gained mutation: You are frail. (-10% HP) [hidden defects]
 25849 | IceCv    | Reached skill level 10 in Spellcasting
 25997 | IceCv    | Learned a level 6 spell: Summon Cactus Giant
 26192 | IceCv    | Found an ancient bone altar of Kikubaaqudgha.
 26214 | IceCv    | Reached skill level 12 in Dodging
 27026 | IceCv    | Reached skill level 1 in Ice Magic
 27330 | Lair:3   | Gained mutation: You are very frail. (-20% HP) [hidden
                  | defects]
 27330 | Lair:3   | Lost mutation: You have hidden genetic defects. [hidden
                  | defects expressed]
 27331 | Lair:3   | Lost mutation: You are very frail. (-20% HP) [potion of
                  | mutation]
 27331 | Lair:3   | Lost mutation: You are frail. (-10% HP) [potion of
                  | mutation]
 27331 | Lair:3   | Gained mutation: You are agile. (Dex +4, Str/Int -1)
                  | [potion of mutation]
 29035 | Lair:3   | Reached skill level 13 in Dodging
 29516 | Lair:3   | Found a staircase to the Swamp.
 30264 | Lair:4   | Reached XP level 14. HP: 68/68 MP: 18/29
 31097 | Lair:4   | Reached skill level 5 in Ice Magic
 31492 | Lair:5   | Entered Level 5 of the Lair of Beasts
 32134 | Lair:5   | Found a staircase to the Slime Pits.
 32135 | Lair:5   | Found a viscous altar of Jiyva.
 35011 | Lair:5   | Reached skill level 14 in Dodging
 35045 | Lair:5   | Got Cuokesog's Sophisticated Thaumaturgy
 36149 | D:13     | Noticed Jorgrun
 36164 | D:13     | Killed Jorgrun
 36176 | D:13     | Noticed Snorg
 36361 | D:14     | Found Bietryriu's Book Shop.
 36479 | Orc:1    | Entered Level 1 of the Orcish Mines
 36600 | D:11     | Learned a level 5 spell: Summon Forest
 37062 | Orc:1    | Found Woup Jacw's Distillery.
 37577 | Orc:1    | Bought a potion of invisibility for 120 gold pieces
 37577 | Orc:1    | Bought a potion of brilliance for 60 gold pieces
 37577 | Orc:1    | Bought a potion of magic for 120 gold pieces
 37977 | Orc:2    | Entered Level 2 of the Orcish Mines
 37982 | Orc:2    | Found a staircase to the Elven Halls.
 38319 | Orc:2    | Reached XP level 15. HP: 69/70 MP: 20/31
 39148 | Orc:2    | Found Gephupim's Antique Armour Shoppe.
 40255 | Orc:2    | Found Weclerahe's General Store.
 40263 | Orc:2    | Found Xaevif's Magic Scroll Emporium.
 40683 | Orc:2    | Reached skill level 1 in Translocations
 41225 | Orc:2    | Bought a scroll of identify for 24 gold pieces
 41225 | Orc:2    | Bought a scroll of identify for 24 gold pieces
 41227 | Orc:2    | Bought a scroll of magic mapping for 97 gold pieces
 41302 | Orc:2    | Reached skill level 15 in Dodging
 42339 | Orc:2    | Found Sompamm's Book Boutique.
 42339 | Orc:2    | Found Yqeicsoi's Antique Armour Shop.
 42339 | Orc:2    | Found a one-way gate leading to the halls of Pandemonium.
 42354 | Orc:2    | HP: 2/74 [demonspawn (17)]
 42875 | D:13     | Killed Snorg
 45162 | D:13     | Reached skill level 10 in Ice Magic
 45568 | D:13     | Reached skill level 5 in Translocations
 46116 | D:13     | Found a gate to the Vaults.
 48537 | D:14     | Reached XP level 16. HP: 79/79 MP: 19/33
 48650 | D:14     | Bought the Unrestrained Analects for 748 gold pieces
 48685 | D:15     | Entered Level 15 of the Dungeon
 48698 | D:15     | Found a staircase to the Depths.
 48802 | D:15     | Reached skill level 16 in Dodging
 49199 | D:15     | Noticed Yamstis's ghost (adept GnMo)
 49259 | D:15     | Found Dilozae's Weapon Boutique.
 49505 | D:15     | Found a runed translucent door.
 49722 | D:15     | Gained mutation: You are frail. (-10% HP) [mutagenic glow]
 50861 | D:15     | Killed Yamstis's ghost
 51224 | Snake:1  | Entered Level 1 of the Snake Pit
 51232 | Snake:1  | Found Pasm's Book Shoppe.
 51234 | Snake:1  | Found Ficaf's Jewellery Boutique.
 51369 | Snake:1  | Found Sufuu's Book Shoppe.
 51374 | Snake:1  | Lost mutation: You are agile. (Dex +4, Str/Int -1) [potion
                  | of mutation]
 51374 | Snake:1  | Lost mutation: You are frail. (-10% HP) [potion of
                  | mutation]
 51374 | Snake:1  | Gained mutation: Your magical capacity is low. (-10% MP)
                  | [potion of mutation]
 51375 | Snake:1  | Lost mutation: Your magical capacity is low. (-10% MP)
                  | [potion of mutation]
 51375 | Snake:1  | Gained mutation: Your magical capacity is low. (-10% MP)
                  | [potion of mutation]
 51375 | Snake:1  | Gained mutation: Your flesh is heat resistant. (rF+)
                  | [potion of mutation]
 51375 | Snake:1  | Lost mutation: Your magical capacity is low. (-10% MP)
                  | [potion of mutation]
 54344 | Snake:3  | Reached skill level 17 in Dodging
 54581 | Snake:3  | Noticed Aizul
 54602 | Snake:3  | Killed Aizul
 55737 | Snake:4  | Entered Level 4 of the Snake Pit
 56693 | Snake:4  | Reached skill level 10 in Translocations
 56785 | Snake:4  | Reached XP level 17. HP: 84/84 MP: 16/34
 57104 | Snake:4  | HP: 3/84 [naga sharpshooter/bolt (34)]
 57479 | Snake:4  | Acquired a book of Debilitation
 58683 | Snake:4  | Reached skill level 15 in Fighting
 59579 | Snake:4  | Reached skill level 10 in Transmutations
 60893 | Snake:4  | Noticed Vashnia
 62520 | Snake:4  | Got a serpentine rune of Zot
 62933 | Snake:4  | Killed Vashnia
 62934 | Snake:4  | Reached skill level 18 in Dodging
 62952 | Snake:4  | Shot with a bolt by a naga sharpshooter
 62953 | Snake:4  | Reached XP level 16. HP: -4/81 MP: 2/34
 63108 | Swamp:1  | Entered Level 1 of the Swamp
 63503 | Swamp:1  | Noticed Nikola
 63809 | Lair:3   | Bought a potion of magic for 104 gold pieces
 63809 | Lair:3   | Bought a potion of heal wounds for 65 gold pieces
 63811 | Lair:3   | Bought a +6 ring of intelligence for 468 gold pieces
 63821 | Lair:3   | Learned a level 7 spell: Storm Form
 63936 | Elf:1    | Entered Level 1 of the Elven Halls
 64522 | Elf:1    | You are sucked into a shaft and drop 1 floor!
 64804 | Elf:2    | Identified the ring "Efucwir" {Fire Fly Will- rCorr}
 64815 | Elf:2    | Identified the +7 quarterstaff "Pevema" {freeze, rN++
                  | Str-3}
 64888 | Elf:2    | Reached skill level 10 in Air Magic
 65185 | Elf:1    | Reached XP level 17. HP: 85/85 MP: 27/35
 65659 | Elf:1    | Noticed Iniosk's ghost (adept DjFE)
 65924 | Elf:1    | Got the Grimoire of Infinity
 66046 | Elf:1    | Found a transporter.
 66092 | Elf:1    | Paralysed by an air elemental for 1 turns
 66094 | Elf:1    | Paralysed by an air elemental for 1 turns
 66281 | Elf:1    | Found a transporter.
 66537 | Elf:1    | Noticed Louise
 66590 | Elf:1    | Killed Louise
 67370 | Elf:2    | Found a runed translucent gate.
 67371 | Elf:2    | Found a runed translucent gate.
 67371 | Elf:2    | Noticed mkat's ghost (journeyman HuAE)
 67372 | Elf:2    | Found a runed translucent gate.
 67375 | Elf:2    | Noticed an acid blob
 67379 | Elf:2    | Found a viscous altar of Jiyva.
 67962 | Elf:2    | Found a runed translucent gate.
 67962 | Elf:2    | Found a runed translucent gate.
 67962 | Elf:2    | Found a runed translucent gate.
 68707 | Swamp:1  | Noticed Frances
 69011 | Swamp:1  | Killed Frances
 69053 | Swamp:1  | Killed Nikola
 69331 | Swamp:1  | Identified the +6 quarterstaff "Noracat" {distort, Fly rC+
                  | Dex-2 Stlth+}
 69376 | Swamp:1  | Killed from afar by a bog body
 69377 | Swamp:1  | Reached XP level 16. HP: 0/81 MP: 3/34
 70065 | Swamp:2  | Found an iron altar of Okawaru.
 70095 | Swamp:2  | Found a transporter.
 70098 | Swamp:2  | Found a transporter.
 70098 | Swamp:2  | Found a one-way gate to the infinite horrors of the Abyss.
 70098 | Swamp:2  | Noticed Foxy's ghost (adept GrFi)
 70105 | Swamp:2  | Slain by a spriggan rider

Illustrated notes

Levels and vault maps discovered:
D:1:      psy_arrival_fountain, layout_rooms, nicolae_ecumenical_lake_church,
          nicolae_kite_square_tiling_tiny, kennysheep_doodads
D:2:      layout_basic, basic_altar
D:3:      layout_basic, serial_shops, nicolae_shop_hallway_stairs,
          grunt_ministairs_14, minivault_11, roderic_filled_cross,
          minmay_distorted
D:4:      kennysheep_big_flooded_room, layout_loops_ring,
          mainiacjoe_overflow_tiny_flanked, kennysheep_cluttered_room,
          saegor_snake_ambush
D:5:      layout_loops_ring, minmay_temple_entry_mini_moons, serial_shops,
          kennysheep_mini_moat
D:6:      layout_gridville, led_sif_pool, serial_shops, nicolae_shop_trees,
          nicolae_shop_overgrown_old_shop, nicolae_shop_overgrown_old_shop,
          uniq_eustachio
D:7:      layout_basic, nicolae_yredelemnul_corpse_copse, makhleb_grotto_becter,
          serial_shops, shop
D:8:      layout_basic, serial_corexii_hall, corexii_hall_statues_x,
          corexii_hall_statues_i, uniq_erica
D:9:      layout_roguey, enter_bailey_3
D:10:     layout_rooms
D:11:     layout_roguey, minmay_lair_entry_grove, minmay_orc_entry_guard_dogs,
          nicolae_diode_basic, uniq_amaemon, uniq_josephine, uniq_psyche
D:12:     layout_irregular_city, gammafunk_ghost_split, lemuel_nasty_fountain
D:13:     minmay_blocking_statues, layout_loops_ring, david_vaults_5,
          uniq_jorgrun, uniq_snorg
D:14:     layout_irregular_city, nicolae_hexahallways, serial_shops,
          nicolae_shop_hallway_plus, statue_in_the_mist_lemuel, roderic_batcave,
          nrook_uturn
D:15:     grunt_enter_depths_giant_problem, layout_gridville,
          hellmonk_ghost_happy_afterlife, serial_shops, nicolae_lakefront_shop,
          hex_medium
Temple:   dpeg_three_leaves_temple
Lair:1:   layout_cave_pods, basic_altar, minivault_27, lemuel_fruit_fields,
          grunt_megastairs_3, serial_bayou_shore_b, lemuel_fruit_tree
Lair:2:   layout_layer_cave, guppyfry_snake_entry_garden, grunt_megastairs_4,
          uniq_sonja
Lair:3:   layout_long_grid, minmay_swamp_entry_reptiles,
          portal_ice_cave_entry_pillars_1, pond
Lair:4:   layout_cave_pods, serial_bayou_shore_a
Lair:5:   grunt_lair_end_beastmaster, layout_regular_city, slime_entry_1,
          small_statue_intersection
Swamp:1:  layout_falls_marsh, serial_swamp_ruin, evilmike_swamp_ruin_house_4,
          evilmike_swamp_ruin_house_6, evilmike_swamp_ruin_rubble_2,
          swamp_pool5, nicolae_swamp_hydra_murder_den,
          infiniplex_staircase_pool, uniq_frances, uniq_nikola
Swamp:2:  layout_falls_marsh, gammafunk_ghost_abyssal_escape, basic_altar
Snake:1:  layout_misc_corridors, nicolae_snake_snake_lake,
          hangedman_snake_pattern, minmay_shop_grove
Snake:2:  layout_onion, nicolae_snake_squiggles
Snake:3:  layout_onion_interference, uniq_aizul
Snake:4:  grunt_snake_rune_spirals, layout_onion_interference, uniq_vashnia
Orc:1:    layout_diamond_mine, serial_shops, nicolae_square_shop, mines2_lemuel
Orc:2:    pf_orc_diabolical, layout_caves, basic_altar, serial_shops,
          nicolae_diamond_shop, guppyfry_orc_lava_fort
Elf:1:    minmay_elf_arrival_summoners, layout_loops_corners,
          gammafunk_ghost_arena, minmay_elf_sorcery,
          einodemon_armed_red_devil_minivault, uniq_louise
Elf:2:    elven_hall_of_blades_hangedman_original
          [nicolae_blade_entry_hurt_lockers], layout_onion_city,
          gammafunk_ghost_ooze, evilmike_minifort

Skill      XL: |  1  2  3  4  5  6  7  8  9 10 11 12 13 14 15 16 17 |
---------------+----------------------------------------------------+-----
Stealth        | 3 4 |  4.2
Dodging        | 3 4 5 6 8 9 10 11 13 14 15 17 18 | 18.1
Fighting       | 1 2 3 4 6 7 9 10 11 12 13 14 15 | 15.0
Spellcasting   | 3 4 5 7 8 9 10 11 12 13 | 13.1
Hexes          | 1 2 4 5 7 8 |  8.0
Summonings     | 5 6 8 9 10 11 12 13 | 13.1
Air Magic      | 1 2 4 5 6 7 10 11 | 11.6
Transmutations | 1 2 5 8 11 13 | 13.5
Ice Magic      | 4 8 10 11 | 11.3
Translocations | 6 10 | 10.0

Action                   |  1- 3 |  4- 6 |  7- 9 | 10-12 | 13-15 | 16-18 || total
-------------------------+-------+-------+-------+-------+-------+-------++-------
Melee: Unarmed           |    35 |    36 |    40 |    50 |    80 |   112 ||   353
       Bite              |     1 |     6 |     6 |    10 |    13 |     7 ||    43
       Punch             |       |     1 |     1 |     2 |       |     2 ||     6
 Cast: Summon Small Mamm |    49 |    42 |    78 |    59 |    11 |     7 ||   246
       Call Imp          |     6 |     9 |    24 |    12 |     4 |       ||    55
       Call Canine Famil |     1 |    26 |    49 |    55 |    33 |    12 ||   176
       Summon Guardian G |       |     7 |    28 |    59 |    71 |    14 ||   179
       Summon Lightning  |       |       |    13 |    60 |   121 |    51 ||   245
       Summon Mana Viper |       |       |     1 |    45 |   134 |   145 ||   325
       Yara's Violent Un |       |       |       |    10 |    10 |    45 ||    65
       Summon Cactus Gia |       |       |       |       |   108 |   110 ||   218
       Summon Forest     |       |       |       |       |    32 |    41 ||    73
       Wereblood         |       |       |       |       |     1 |     4 ||     5
       Storm Form        |       |       |       |       |       |     7 ||     7
Invok: Potion Petition   |       |       |       |     1 |       |     2 ||     3
       Call Merchant     |       |       |       |       |       |     2 ||     2
       Bribe Branch      |       |       |       |       |       |     1 ||     1
Evoke: Wand              |       |       |     1 |    17 |     7 |    12 ||    37
       Box of beasts     |       |       |       |       |       |     1 ||     1
       Phantom mirror    |       |       |       |       |       |     1 ||     1
  Use: Scroll            |     5 |     3 |    10 |    13 |    14 |     7 ||    52
       Potion            |       |     1 |     1 |     3 |    10 |     8 ||    23
 Stab: Sleeping          |     2 |     2 |     3 |     2 |       |     1 ||    10
       Distracted        |       |     1 |     2 |     2 |     1 |     1 ||     7
       Betrayed ally     |       |       |       |       |       |     1 ||     1
Armor: Skin              |       |     3 |     3 |     7 |     6 |    12 ||    31
Dodge: Dodged            |    40 |    35 |   100 |   149 |   408 |   336 ||  1068
Block: Other             |       |       |       |    30 |   104 |    52 ||   186
       Reflection        |       |       |       |     7 |     8 |    12 ||    27
